 Dungeon Crawl Stone Soup version 0.22-a0-525-gf69a080 (webtiles) character file.

64 Boggart the Gusty (level 3, -3/28 HPs)
             Began as a Draconian Air Elementalist on Nov 12, 2017.
             Slain by Crazy Yiuf
             ... wielding a +2 quarterstaff of chaos
              (5 damage)
             ... on level 2 of the Dungeon on June 20, 2018.
             The game lasted 01:13:45 (2809 turns).

Boggart the Gusty (Draconian Air Elementalist)      Turns: 2809, Time: 01:13:46

Health: -3/28      AC:  5    Str: 10    XL:     3   Next: 91%
Magic:  2/6        EV: 12    Int: 16    God:
Gold:   73         SH:  0    Dex: 11    Spells: 5/6 levels left

rFire    . . .     SeeInvis .   b - +0 dagger
rCold    . . .     Gourm    .   (no shield)
rNeg     . . .     Faith    .   (armour unavailable)
rPois    .         Spirit   .   (helmet restricted)
rElec    .         Reflect  .   (no cloak)
rCorr    .         Harm     .   (no gloves)
MR       .....                  (no boots)
Stlth    ++........             (no amulet)
HPRegen  0.09/turn              (no ring)
MPRegen  0.10/turn              (no ring)

@: lethally poisoned (-3 -> -6), very slightly contaminated, drained
A: unfitting armour, cold-blooded, AC +5
a: no special abilities


You were on level 2 of the Dungeon.
You were not hungry.

You visited 1 branch of the dungeon, and saw 2 of its levels.

You collected 73 gold pieces.

Inventory:

Hand Weapons
 a - a +0 hunting sling
 b - a +0 dagger (weapon)
Missiles
 g - 107 stones (quivered)
Scrolls
 c - a scroll of fog {unknown}
 d - a scroll of enchant armour {unknown}
 e - a scroll of immolation {unknown}
 h - a scroll of amnesia {unknown}
 k - a scroll of fear {unknown}
 m - a scroll of remove curse {unknown}
Potions
 f - a potion of curing
 i - a potion of might {unknown}
 l - a potion of mutation {unknown}
 n - a potion of ambrosia {unknown}
 o - a potion of invisibility {unknown}
Comestibles
 j - a ration


   Skills:
 + Level 1.4(0.9) Fighting
 + Level 1.1(0.6) Short Blades
 + Level 2.3(1.7) Dodging
 - Level 1.7(1.2) Stealth
 + Level 2.4(1.8) Spellcasting
 + Level 1.0(0.4) Conjurations
 + Level 3.5(2.9) Air Magic


You had 5 spell levels left.
You knew the following spells:

 Your Spells              Type           Power        Failure   Level  Hunger
a - Shock                 Conj/Air       #...         11%         1    #......

Your spell library contained the following spells:

 Spells                   Type           Power        Failure   Level  Hunger
 Lightning Bolt           Conj/Air       #.........   96%         5    ######.
 Swiftness                Chrm/Air       #.......     17%         2    ###....
 Airstrike                Air            ##........   52%         4    #####..
 Static Discharge         Conj/Air       #.......     30%         3    ###....


Dungeon Overview and Level Annotations

Branches:
Dungeon (2/15)

Altars:
Gozag

Annotations:
D:2 Crazy Yiuf


Innate Abilities, Weirdness & Mutations

Your plain brown scales are hard. (AC +5)
You cannot fit into any form of body armour.
You are cold-blooded and may be slowed by cold attacks.


Message History

Confirm with . or Enter, or press ? or * to list all spells.
Aiming: Shock (safe; 9% risk of failure)
Press: ? - help, Shift-Dir - straight line, f/p - Crazy Yiuf
Aim: Crazy Yiuf, wielding a quarterstaff of chaos and wearing a glowing cloak The zap hits Crazy Yiuf.
Crazy Yiuf is moderately wounded.
You feel sick.
Casting: Shock (safe; 9% risk of failure)
Confirm with . or Enter, or press ? or * to list all spells.
Aiming: Shock (safe; 9% risk of failure)
Press: ? - help, Shift-Dir - straight line, f/p - Crazy Yiuf
Aim: Crazy Yiuf, wielding a quarterstaff of chaos and wearing a glowing cloak (moderately wounded)
The zap hits Crazy Yiuf.
Crazy Yiuf is moderately wounded.
Crazy Yiuf misses you.
You feel sick.
Crazy Yiuf hits you with a quarterstaff of chaos!
* * * LOW HITPOINT WARNING * * *
You feel drained.
You die...

###.#.# #.##....
#####...#.# #.#.....
..........# #.#...##
#####...### #.....#
#####.##### ###..##
#.........#####..#
.####................#
......g...)...##....####
####..@......##.._.....
#.........##....####
#.........##.#.)##
#..........#.#...###
#..............#....
######..........##.....##
###.......###.##.###.#.#.##
#...####### #.#............
#.### #######....###.


You could see Crazy Yiuf.

Vanquished Creatures
  Robin (D:2)
  A worm (D:1)
  A leopard gecko (D:1)
  5 giant cockroaches
  16 goblins
  6 hobgoblins
  5 kobolds (D:1)
  A quokka (D:2)
  3 bats (D:1)
  2 frilled lizards (D:1)
  A rat (D:1)
  A fungus (D:1)
43 creatures vanquished.

Notes
Turn   | Place    | Note
-------+----------+-------------------------------------------
     0 | D:1      | Boggart the Draconian Air Elementalist began the quest for the Orb.
     0 | D:1      | Reached XP level 1. HP: 14/14 MP: 3/3
   563 | D:1      | Reached XP level 2. HP: 22/22 MP: 0/5
  1099 | D:1      | Reached skill level 1 in Fighting
  1211 | D:1      | Reached XP level 3. HP: 28/28 MP: 0/6
  1478 | D:2      | Found an opulent altar of Gozag.
  1575 | D:2      | Noticed Robin
  1599 | D:1      | Reached skill level 1 in Short Blades
  1980 | D:2      | Killed Robin
  2565 | D:2      | Found a runed door.
  2569 | D:2      | Noticed Crazy Yiuf
  2809 | D:2      | Slain by Crazy Yiuf

Vault maps used:
D:1:      dpeg_cavernosity
D:2:      nicolae_gozag_seed_capital, uniq_robin, uniq_crazy_yiuf_cottage

Skill      XL: |  1  2  3 |
---------------+----------+-----
Dodging        | 2 |  2.3
Fighting       | 1 |  1.4
Short Blades   | 1 |  1.1
Stealth        | |  1.7
Spellcasting   | |  2.4
Conjurations   | |  1.0
Air Magic      | |  3.5

Action                   || total
-------------------------++-------
Melee: Dagger            ||    62
       Tailslap          ||     9
 Fire: Hunting sling     ||    19
 Cast: Shock             ||    98
  Eat: Ration            ||     3
Armor: Skin              ||    13
Dodge: Dodged            ||    46

Table legend:
 A = Spawn XP
 B = Non-spawn XP
 C = Spawn XP percentage of total XP
 D = Spawn monster count
 E = Non-spawn monster count
 F = Spawn count percentage of total count
 G = Total turns spent on level
                    A         B        C        D         E        F      G
               +---------+---------+-------+---------+---------+-------+---------
         Total |       0 |      92 |   0.0 |       0 |      42 |   0.0 |  2809
               +---------+---------+-------+---------+---------+-------+---------
           D:1 |       0 |      49 |   0.0 |       0 |      27 |   0.0 |  2373
           D:2 |       0 |      43 |   0.0 |       0 |      15 |   0.0 |   436
               +---------+---------+-------+---------+---------+-------+---------
